 Dungeon Crawl Stone Soup version 0.23.1 (webtiles) character file.

Game seed: 199651169895550497

323 Aldia the Chopper (level 6, -3/57 HPs)
             Began as a Deep Dwarf Fighter on Mar 18, 2019.
             Killed by divine providence
             ... invoked by an orc priest
              (14 damage)
             ... on level 4 of the Dungeon.
             The game lasted 00:06:17 (2636 turns).

Aldia the Chopper (Deep Dwarf Fighter)              Turns: 2636, Time: 00:06:18

Health: -3/57      AC: 10    Str: 22    XL:     6   Next: 23%
Magic:  5/5        EV:  5    Int:  8    God:
Gold:   105        SH: 10    Dex: 12    Spells: 5/5 levels left

rFire    . . .     SeeInvis .   a - +1 war axe
rCold    . . .     Gourm    +   c - +0 shield
rNeg     . . .     Faith    .   m - +0 chain mail
rPois    .         Spirit   .   q - +0 helmet
rElec    .         Reflect  .   (no cloak)
rCorr    .         Harm     .   (no gloves)
MR       .....                  (no boots)
Stlth    ..........             j - amulet of the gourmand
HPRegen  0.00/turn              (no ring)
MPRegen  0.09/turn              (no ring)

@: non-regenerating
A: damage resistance, heal wounds, sense surroundings 1, no regeneration
a: Heal Wounds


You were on level 4 of the Dungeon.
You were completely stuffed.

You visited 1 branch of the dungeon, and saw 4 of its levels.

You collected 105 gold pieces.

Inventory:

Hand Weapons
 a - a +1 war axe (weapon)
Armour
 b - a +0 scale mail
 c - a +0 shield (worn)
 m - a +0 chain mail (worn)
 q - a +0 helmet (worn)
Jewellery
 e - an uncursed ring of stealth {unknown}
 j - an amulet of the gourmand (around neck)
 n - a +2 ring of strength {unknown}
Scrolls
 i - 3 scrolls of identify
 p - a scroll of amnesia
Potions
 d - 2 potions of might
 g - 2 potions of agility
 l - a potion of brilliance
 o - a potion of haste
Comestibles
 f - 7 rations
 k - 8 chunks of flesh


   Skills:
 + Level 3.9 Fighting
 * Level 5.3 Axes
 - Level 3.3 Armour
 + Level 4.8 Shields


You had 5 spell levels left.
You didn't know any spells.
Your spell library was empty.

Dungeon Overview and Level Annotations

Branches:
Dungeon (4/15)
 Temple: D:4-7

Altars:
Elyvilon
Kikubaaqudgha
Zin


Innate Abilities, Weirdness & Mutations

You are resistant to damage.
You can heal yourself by infusing magical energy.
You passively map a small area around you.
You do not regenerate.


Message History

The orc wizard casts a spell.
The orc wizard seems to speed up.
The orc priest hits you but does no damage.
You block the orc wizard's attack.
You slash the orc priest!
You kill the orc priest!
You hit the orc wizard.
The orc wizard hits you but does no damage.
The orc priest invokes the aid of Beogh against you.
Beogh smites you!
* * * LOW HITPOINT WARNING * * *
You closely miss the orc. You slash the orc wizard!
You kill the orc wizard!
You block the orc's attack.
You hit the orc.
The orc is almost dead.
You hit the orc priest. The orc hits you but does no damage.
The orc priest invokes the aid of Beogh against you.
Beogh smites you!
You die...

## *#..####.##.........# *,*
.# *#.#....####.###รท..# *,*
.######...#### #.##..#.# *,*
..##....###* #.##.##.# *,*
#....##....# #.##.**.##**,**
.....#####.# #.##.#...#*,,,**
####..#* *,#*
#.##......,,,,,** ##..#**,,*
###.........,,,,,,*
*#...,,,**#o@.........,,,,,,*
*####.....o#.#....$..,,,,,,*
*#...##....$#....<,,,,,**
*...,,.(..####...#,,,,** ***
**.***#..#.# *####,*,**
..#*****,,* *...#.#*** *,*,*
#.(,,,,,,***#...%..,,* *,*,**
****,>,,,,,,...##.#*,**
*,*,,** *,*****,,*,,,,,**,,*
*,**,<*


You could see an orc priest and an orc.

Vanquished Creatures
  An ogre (D:4)
  A scorpion (D:4)
  An orc priest (D:4)
  An orc wizard (D:4)
  A worker ant (D:4)
  4 adders
  3 worms
  4 dart slugs
  2 leopard geckos
  2 orcs
  5 bats
  5 giant cockroaches
  5 goblins
  9 hobgoblins
  2 jackals (D:4)
  A quokka (D:4)
  4 frilled lizards
  3 kobolds
  5 rats
59 creatures vanquished.

Notes
Turn   | Place    | Note
-------+----------+-------------------------------------------
     0 | D:1      | Aldia the Deep Dwarf Fighter began the quest for the Orb.
     0 | D:1      | Reached XP level 1. HP: 20/20 MP: 1/1
   524 | D:1      | Reached XP level 2. HP: 24/27 MP: 2/2
   854 | D:1      | Reached skill level 3 in Axes
  1332 | D:2      | Reached XP level 3. HP: 26/34 MP: 3/3
  1732 | D:2      | Found an ancient bone altar of Kikubaaqudgha.
  1889 | D:3      | Reached XP level 4. HP: 40/42 MP: 4/4
  2082 | D:3      | Reached skill level 4 in Axes
  2546 | D:4      | Noticed an ogre
  2551 | D:4      | HP: 1/42 [ogre/+0 giant spiked club (17)]
  2555 | D:4      | Killed an ogre
  2555 | D:4      | Reached XP level 5. HP: 25/49 MP: 5/5
  2556 | D:4      | Found a glowing silver altar of Zin.
  2556 | D:4      | Found a white marble altar of Elyvilon.
  2590 | D:4      | Reached skill level 5 in Axes
  2628 | D:4      | Reached XP level 6. HP: 48/57 MP: 5/5
  2636 | D:4      | Killed from afar by an orc priest

Skill      XL: |  1  2  3  4  5 |
---------------+----------------+-----
Axes           | 3 4 5 |  5.3
Fighting       | 3 |  3.9
Shields        | 4 |  4.8
Armour         | |  3.3

Action                   |  1- 3 |  4- 6 || total
-------------------------+-------+-------++-------
Melee: War axe           |   118 |    80 ||   198
 Abil: Heal Wounds       |     1 |     2 ||     3
  Use: Scroll            |     2 |    11 ||    13
       Potion            |       |     1 ||     1
  Eat: Chunk             |    13 |     3 ||    16
Armor: Scale mail        |    26 |       ||    26
       Chain mail        |    24 |    51 ||    75
Dodge: Dodged            |    37 |    16 ||    53
Block: Shield            |    56 |    47 ||   103
